Map: Multiprocessor LE

Players

MooEsqoo

  • Race: Protoss Protoss
  • Spawn Location: 3:00

VINZ

  • Race: Protoss Protoss
  • Spawn Location: 5:00

саша

  • Race: Zerg Zerg
  • Spawn Location: 6:00

Drinkbeer

  • Race: Protoss Protoss
  • League: Master
  • Spawn Location: 5:00

Klootzak - Winner!

  • Race: Zerg Zerg
  • Spawn Location: 11:00

BratRusAltay - Winner!

  • Race: Protoss Protoss
  • Spawn Location: 9:00

odealo - Winner!

  • Race: Protoss Protoss
  • Spawn Location: 9:00

Illustro - Winner!

  • Race: Zerg Zerg
  • League: Gold
  • Spawn Location: 12:00

VOD

Have the link to the VOD?

Description

Time

  • Played on: Nov. 26, 2019, 12:23 a.m.
  • Length: 15:30
Show
View Real Time Build Order
Export as new Build Order

MooEsqoo Protoss 

Build Orders: 1 Gate Expand 

Get SALT Encoding   

  12  0:01  Probe  
  13  0:16  Probe  
  14  0:21  Pylon  
  14  0:28  Probe  
  15  0:41  Gateway  
  15  0:44  Probe  
  15  0:49  Assimilator  
  16  0:56  Probe (Chrono Boost)  
  17  1:07  Probe (Chrono Boost)  
  18  1:11  Probe (Chrono Boost)  
  19  1:23  Probe  
  20  1:36  Nexus  
  20  1:38  Probe  
  21  1:49  Cybernetics Core  
  21  1:54  Probe  
  22  2:02  Pylon  
  22  2:11  Probe, Assimilator  
  23  2:25  Probe, Stalker (Chrono Boost)  
  23  2:27  Warp Gate (Chrono Boost)  
  26  2:49  Pylon  
  26  2:50  Stalker (Chrono Boost)  
  26  2:56  Probe  
  26  2:57  Probe  
  30  3:08  Probe  
  30  3:09  Probe  
  32  3:14  Stalker  
  34  3:21  Probe x2  
  36  3:32  Shield Battery  
  36  3:33  Shield Battery  
  36  3:34  Stargate  
  36  3:38  Gateway  
  36  3:45  Stalker  
  38  3:52  Probe, Assimilator  
  38  3:53  Probe  
  40  4:02  Assimilator  
  40  4:05  Probe  
  40  4:06  Probe  
  43  4:17  Probe  
  43  4:18  Probe  
  44  4:29  Probe  
  44  4:30  Probe  
  46  4:31  Stalker  
  48  4:39  Pylon  
  48  4:43  Gateway  
  48  4:52  Nexus  
  48  4:54  Pylon  
  48  4:59  Stalker  
  50  5:03  Stalker  
  50  5:06  Probe  
  53  5:08  Probe  
  54  5:20  Oracle (Chrono Boost)  
  54  5:28  Stalker  
  59  5:30  Sentry  
  61  5:37  Probe x2  
  63  5:48  Twilight Council  
  63  5:49  Probe x2, Gateway  
  65  5:51  Gateway  
  65  6:01  Probe x2  
  65  6:03  Probe  
  68  6:13  Probe x2  
  68  6:14  Stalker x3  
  68  6:15  Probe  
  77  7:29  Pylon  
  77  7:33  Probe x3  
  77  7:36  Stalker x2  
  84  7:42  Pylon  
  84  7:44  Pylon  
  84  7:45  Probe, Pylon  
  84  7:47  Probe x2, Pylon  
  84  7:50  Pylon  
  87  7:52  Pylon  
  87  7:53  Robotics Facility  
  87  7:57  Probe  
  88  7:59  Probe x2  
  90  8:10  Assimilator  
  90  8:13  Assimilator  
  90  8:18  Pylon  
  90  8:20  Stalker x2  
  90  8:21  Stalker x3  
  100  8:28  Phoenix (Chrono Boost)  
  100  8:41  Observer (Chrono Boost)  
  100  8:44  Oracle (Chrono Boost)  
  100  8:48  Stalker x5  
  109  8:55  Immortal (Chrono Boost)  
  117  9:28  Blink (Chrono Boost)  
  117  9:30  Warp Prism  
  119  9:34  Forge  
  119  9:38  Phoenix (Chrono Boost)  
  119  9:55  Phoenix (Chrono Boost)  
  119  9:57  Stalker x5  
  131  10:06  Pylon  
  131  10:09  Pylon  
  131  10:13  Shield Battery  
  131  10:14  Shield Battery  
  131  10:17  Photon Cannon  
  131  10:18  Phoenix  
  133  10:22  Photon Cannon  
  133  10:30  Photon Cannon  
  133  10:33  Photon Cannon  
  133  10:36  Photon Cannon  
  133  10:43  Phoenix  
  133  10:48  Photon Cannon  
  135  10:50  Photon Cannon  
  135  11:08  Phoenix  
  127  11:49  Stalker x2  
  119  12:01  Stalker  
  119  12:02  Stalker x2  
  107  12:24  Stalker x2  
  107  12:25  Stalker  
  113  12:34  Pylon  
  113  12:36  Pylon  
  113  12:41  Probe x2  
  113  12:42  Probe  
  116  12:53  Probe  
  116  12:54  Probe x2  
  116  12:55  Stalker x5  
  116  12:56  Void Ray (Chrono Boost)  
  129  13:02  Immortal (Chrono Boost)  
  133  13:27  Probe x2  
  133  13:32  Void Ray  
  138  13:39  Immortal (Chrono Boost), Probe x2  
  144  13:48  Stalker x2  
  144  13:49  Stalker  
  150  14:01  Pylon  
  90  15:14  Stalker  
Show
View Real Time Build Order
Export as new Build Order

VINZ Protoss 

Build Orders:  

Get SALT Encoding   

  12  0:06  Probe  
  13  0:18  Probe  
  14  0:28  Pylon  
  14  0:39  Probe (Chrono Boost)  
  15  0:48  Gateway  
  15  0:49  Probe (Chrono Boost)  
  16  0:55  Gateway  
  16  1:09  Pylon  
  16  1:39  Zealot  
  18  1:42  Zealot  
  20  1:51  Probe (Chrono Boost)  
  21  2:00  Probe (Chrono Boost)  
  22  2:20  Forge  
  22  2:24  Pylon  
  22  2:27  Probe (Chrono Boost)  
  23  2:31  Assimilator  
  23  2:36  Probe (Chrono Boost)  
  24  2:39  Zealot x2  
  28  3:06  Zealot x2  
  28  3:07  Photon Cannon  
  28  3:11  Photon Cannon  
  32  3:20  Photon Cannon  
  30  3:44  Zealot x2  
  32  4:11  Zealot x2  
  32  4:14  Pylon  
  36  4:19  Pylon  
  36  4:28  Assimilator  
  36  4:44  Probe (Chrono Boost)  
  37  4:54  Probe (Chrono Boost)  
  37  4:58  Cybernetics Core  
  38  5:06  Photon Cannon  
  38  5:11  Photon Cannon  
  38  5:16  Photon Cannon  
  38  5:22  Pylon  
  38  5:25  Gateway  
  38  5:27  Gateway  
  38  5:56  Nexus  
  38  6:23  Pylon  
  38  7:11  Probe (Chrono Boost)  
  39  7:19  Photon Cannon  
  39  7:21  Probe (Chrono Boost)  
  40  7:29  Probe (Chrono Boost)  
  41  7:31  Probe (Chrono Boost)  
  41  7:35  Warp Gate (Chrono Boost)  
  42  7:40  Probe (Chrono Boost)  
  42  7:41  Probe (Chrono Boost)  
  44  7:50  Probe  
  20  14:27  Stargate  
  20  14:29  Stargate  
  20  14:31  Stargate  
  20  14:37  Stargate  
  20  14:39  Pylon  
  20  14:43  Pylon  
  20  14:44  Pylon  
  20  14:47  Pylon  
Show
View Real Time Build Order
Export as new Build Order

саша Zerg 

Build Orders: Pool First 

Get SALT Encoding   

  12  0:05  Drone  
  13  0:30  Spawning Pool  
  13  0:33  Drone x2  
  14  0:40  Overlord  
  14  0:56  Extractor  
  13  1:04  Drone x2  
  13  1:05  Extractor  
  14  1:18  Zergling x4  
  16  1:50  Zergling x2  
  16  1:51  Zergling x4  
  16  1:53  Queen  
  16  1:54  Hatchery  
  20  2:13  Zergling x4  
  22  2:42  Overlord x2  
  16  4:02  Drone  
  16  4:03  Drone x2  
  18  4:20  Drone  
  18  4:21  Drone x2  
  21  4:32  Drone x3  
  24  4:41  Queen  
  26  4:51  Lair  
  26  4:55  Metabolic Boost  
  26  4:56  Evolution Chamber  
  25  5:08  Extractor  
  25  5:13  Drone x3  
  27  5:16  Queen  
  27  5:18  Extractor  
  27  5:20  Drone x3  
  31  5:25  Drone x2  
  31  5:27  Overlord x2  
  33  5:37  Zerg Melee Weapons Level 1  
  33  5:53  Burrow  
  33  5:59  Drone x3  
  36  6:12  Infestation Pit  
  36  6:16  Spore Crawler  
  34  6:23  Spore Crawler  
  34  6:24  Zergling x8  
  34  6:25  Zergling x2  
  19  7:04  Drone x4  
  14  7:17  Drone  
  14  7:18  Drone  
  16  7:26  Drone  
  17  7:32  Zerg Ground Armor Level 1  
  17  7:38  Drone  
  17  7:39  Drone  
  25  8:02  Drone  
  25  8:04  Drone  
  27  8:10  Drone  
  28  8:13  Drone  
  28  8:18  Drone  
  30  8:20  Drone  
  30  8:26  Drone  
  32  8:36  Drone x2  
  32  8:37  Drone  
  35  8:43  Queen  
  37  8:50  Drone  
  38  9:26  Zerg Missile Weapons Level 1  
  34  10:02  Infestor x3  
  39  11:00  Drone  
  39  11:14  Drone  
  39  11:18  Hatchery  
  39  11:22  Drone x2  
  39  11:23  Drone x2  
  33  11:47  Hatchery  
  32  12:17  Queen  
  32  12:41  Drone x9  
  32  13:11  Zergling x4  
  34  13:35  Drone x2  
  36  14:00  Spawning Pool  
Show
View Real Time Build Order
Export as new Build Order

Drinkbeer Protoss 

Build Orders: Nexus First, Carriers 

Get SALT Encoding   

  12  0:01  Probe (Chrono Boost)  
  13  0:12  Probe (Chrono Boost)  
  14  0:17  Probe (Chrono Boost)  
  15  0:25  Pylon  
  15  0:43  Probe  
  16  0:56  Probe  
  17  1:03  Nexus  
  17  1:12  Gateway  
  18  1:18  Probe (Chrono Boost)  
  18  1:21  Assimilator  
  18  1:27  Probe (Chrono Boost)  
  19  1:32  Probe (Chrono Boost)  
  19  1:33  Assimilator  
  20  1:41  Pylon  
  20  1:46  Probe  
  21  1:58  Probe  
  22  2:02  Cybernetics Core  
  22  2:10  Probe (Chrono Boost)  
  23  2:21  Probe (Chrono Boost)  
  25  2:24  Probe (Chrono Boost)  
  25  2:26  Probe (Chrono Boost), Pylon  
  26  2:33  Probe  
  26  2:36  Probe  
  26  2:37  Pylon  
  28  2:51  Assimilator  
  28  2:53  Probe  
  28  2:55  Assimilator  
  28  2:57  Pylon  
  29  2:58  Probe  
  29  3:01  Pylon  
  29  3:05  Probe  
  31  3:10  Probe  
  32  3:19  Probe  
  33  3:23  Forge, Probe  
  34  3:31  Probe (Chrono Boost)  
  35  3:35  Probe (Chrono Boost)  
  37  3:42  Protoss Air Weapons Level 1 (Chrono Boost)  
  37  3:43  Probe (Chrono Boost)  
  37  3:45  Probe (Chrono Boost)  
  37  3:48  Probe (Chrono Boost)  
  38  3:50  Probe (Chrono Boost)  
  38  3:53  Stargate  
  38  3:55  Stargate  
  40  4:02  Stargate  
  40  4:06  Pylon  
  40  4:10  Probe x2  
  42  4:21  Pylon  
  42  4:22  Probe x2  
  44  4:34  Probe x2  
  46  4:42  Fleet Beacon  
  46  4:57  Photon Cannon  
  46  4:58  Stargate  
  46  5:06  Pylon  
  46  5:34  Carrier x3 (Chrono Boost)  
  70  5:53  Carrier (Chrono Boost)  
  70  5:56  Protoss Air Weapons Level 2  
  70  6:08  Protoss Shields Level 1  
  70  6:39  Carrier (Chrono Boost)  
  76  6:40  Nexus  
  76  6:42  Assimilator  
  76  6:44  Probe x2  
  78  6:47  Assimilator  
  78  6:50  Pylon  
  78  6:52  Pylon  
  84  7:02  Pylon  
  84  7:03  Probe x2  
  84  7:06  Carrier (Chrono Boost)  
  86  7:12  Photon Cannon  
  86  7:15  Photon Cannon  
  86  7:19  Photon Cannon  
  86  7:20  Carrier (Chrono Boost)  
  86  7:23  Photon Cannon  
  98  7:41  Carrier (Chrono Boost)  
  98  7:44  Probe  
  98  7:45  Probe  
  98  7:50  Photon Cannon  
  100  7:57  Carrier (Chrono Boost)  
  106  8:07  Pylon  
  106  8:09  Probe x3  
  109  8:16  Carrier (Chrono Boost)  
  103  8:38  Carrier (Chrono Boost)  
  97  9:19  Carrier x2 (Chrono Boost)  
  97  9:21  Carrier (Chrono Boost)  
  97  9:27  Probe x2  
  97  9:28  Probe  
  100  9:32  Protoss Air Weapons Level 3 (Chrono Boost)  
  106  9:39  Carrier (Chrono Boost)  
  124  10:25  Carrier (Chrono Boost)  
  124  10:27  Carrier (Chrono Boost)  
  124  10:29  Carrier (Chrono Boost)  
  124  10:32  Carrier (Chrono Boost)  
  130  10:39  Nexus  
  130  10:41  Assimilator  
  124  10:46  Assimilator  
  124  10:49  Pylon  
  124  10:52  Pylon  
  124  10:56  Pylon  
  124  11:25  Carrier x2 (Chrono Boost)  
  118  11:29  Carrier (Chrono Boost)  
  118  11:32  Carrier (Chrono Boost)  
  100  12:11  Probe x3  
  100  12:13  Probe  
  100  12:15  Carrier (Chrono Boost)  
  110  12:17  Carrier (Chrono Boost)  
  110  12:18  Carrier (Chrono Boost)  
  110  12:21  Protoss Air Armor Level 1 (Chrono Boost)  
  122  12:26  Photon Cannon  
  122  12:28  Photon Cannon  
  122  12:29  Probe x3, Carrier (Chrono Boost)  
  126  12:30  Probe  
  126  12:31  Photon Cannon  
  126  12:36  Photon Cannon  
  131  12:39  Pylon  
  131  12:41  Photon Cannon  
  119  13:07  Photon Cannon  
  119  13:09  Pylon  
  119  13:10  Carrier (Chrono Boost)  
  125  13:13  Carrier  
  143  13:28  Photon Cannon  
  143  13:30  Photon Cannon  
  143  13:32  Photon Cannon  
  143  13:36  Pylon  
  143  13:37  Pylon  
  143  13:40  Pylon  
Show
View Real Time Build Order
Export as new Build Order

Klootzak Zerg - Winner!

Build Orders: Hatch First 

Get SALT Encoding   

  12  1:05  Drone x2  
  14  1:16  Overlord  
  14  1:37  Hatchery  
  13  2:15  Drone x3  
  16  2:20  Spawning Pool  
  16  2:21  Extractor  
  14  2:22  Extractor  
  14  2:27  Drone  
  14  2:48  Drone x2  
  16  2:56  Overlord  
  16  3:09  Zergling x2  
  16  3:10  Zergling x4  
  19  3:15  Zergling x2  
  20  3:25  Spine Crawler  
  19  3:29  Spine Crawler  
  19  3:30  Metabolic Boost  
  19  3:31  Lair  
  19  3:33  Zergling x8  
  22  3:53  Drone x3  
  25  4:06  Zergling x6  
  28  4:21  Zergling x2  
  28  4:22  Zergling x2  
  28  4:24  Hatchery  
  29  4:25  Drone  
  29  4:27  Drone  
  31  4:38  Pneumatized Carapace  
  31  4:45  Overlord  
  31  4:54  Overlord  
  31  5:11  Nydus Network  
  30  5:21  Zergling x6  
  33  5:32  Burrow  
  33  5:39  Drone  
  33  5:41  Drone  
  35  5:59  Nydus Canal  
  35  6:01  Zergling x6  
  38  6:04  Drone  
  38  6:08  Drone  
  40  6:12  Drone  
  40  6:37  Nydus Canal  
  40  6:40  Zergling x2  
  40  6:41  Zergling x12  
  43  6:49  Zergling x4  
  23  7:18  Drone  
  23  7:19  Drone x7  
  23  7:20  Drone  
  32  7:26  Infestation Pit  
  31  7:32  Hydralisk Den  
  31  7:34  Extractor  
  29  7:37  Extractor  
  28  7:45  Drone x3  
  28  7:48  Drone  
  28  7:50  Drone  
  33  7:53  Drone  
  34  8:06  Drone x3  
  34  8:07  Drone x2  
  34  8:08  Drone  
  40  8:26  Lurker Den  
  39  8:30  Spire  
  38  8:37  Spire  
  38  8:38  Drone  
  38  8:39  Drone  
  39  8:45  Drone x2  
  39  8:46  Drone  
  39  8:47  Drone  
  43  8:49  Drone  
  43  8:52  Drone  
  43  8:54  Drone  
  46  8:59  Extractor  
  46  9:02  Extractor  
  44  9:12  Drone x3  
  44  9:15  Drone x3  
  50  9:28  Muscular Augments  
  50  9:30  Overlord x3  
  50  9:31  Overlord  
  50  9:36  Evolution Chamber  
  49  9:41  Evolution Chamber  
  49  9:42  Evolution Chamber  
  47  9:52  Zergling x6  
  50  9:53  Zergling x8  
  50  9:57  Hydralisk  
  50  9:59  Hydralisk  
  58  10:05  Zerg Flyer Weapons Level 1  
  58  10:09  Zerg Flyer Armor Level 1  
  58  10:17  Zerg Missile Weapons Level 1  
  58  10:19  Zerg Ground Armor Level 1  
  58  10:23  Zerg Melee Weapons Level 1  
  58  10:27  Hydralisk  
  60  10:29  Hydralisk  
  60  10:33  Hydralisk  
  64  10:36  Hydralisk  
  64  10:39  Grooved Spines  
  64  10:40  Hydralisk  
  68  10:44  Hydralisk  
  68  10:47  Hydralisk  
  72  10:51  Hydralisk  
  74  10:59  Hydralisk x2  
  74  11:02  Hydralisk  
  80  11:06  Hydralisk  
  80  11:11  Overlord  
  82  11:21  Nydus Canal  
  82  11:24  Overlord x3  
  82  11:27  Overlord  
  82  11:30  Overlord  
  82  11:40  Hive  
  75  12:04  Hydralisk  
  75  12:05  Hydralisk x6  
  80  12:20  Hydralisk x2  
  80  12:21  Hydralisk x2  
  88  12:22  Hydralisk  
  90  12:36  Overseer  
  90  12:37  Hydralisk x3  
  96  12:56  Hydralisk x3  
  96  12:57  Hydralisk x2  
  106  12:59  Hydralisk  
  108  13:06  Zergling x2  
  108  13:07  Zergling x4  
  111  13:19  Nydus Canal  
  111  13:23  Hydralisk x2  
  111  13:24  Hydralisk x3  
  121  13:27  Hydralisk  
  123  13:34  Nydus Canal  
  114  14:25  Nydus Canal  
Show
View Real Time Build Order
Export as new Build Order

BratRusAltay Protoss - Winner!

Build Orders:  

Get SALT Encoding   

  12  0:05  Probe (Chrono Boost)  
  13  0:11  Probe (Chrono Boost)  
  14  0:27  Pylon  
  14  0:49  Gateway  
  14  0:53  Forge  
  14  0:58  Pylon  
  14  1:12  Probe (Chrono Boost)  
  15  1:22  Probe (Chrono Boost)  
  16  1:27  Probe (Chrono Boost)  
  17  1:38  Cybernetics Core  
  17  1:39  Probe  
  18  1:41  Photon Cannon  
  18  1:46  Photon Cannon  
  18  1:51  Probe  
  19  2:03  Probe  
  20  2:08  Assimilator  
  20  2:12  Assimilator  
  20  2:15  Probe  
  21  2:27  Probe (Chrono Boost)  
  23  2:37  Probe (Chrono Boost)  
  23  2:42  Probe (Chrono Boost)  
  24  2:53  Probe  
  25  2:58  Nexus  
  25  3:02  Assimilator  
  25  3:05  Probe  
  25  3:06  Assimilator  
  26  3:25  Pylon  
  26  3:28  Pylon  
  26  3:46  Photon Cannon  
  26  3:48  Photon Cannon  
  26  4:07  Stargate  
  26  4:08  Stargate  
  26  4:21  Probe (Chrono Boost)  
  29  4:31  Probe x2 (Chrono Boost)  
  31  4:39  Probe x2 (Chrono Boost)  
  31  4:45  Stargate  
  31  4:47  Probe  
  32  4:59  Probe  
  33  5:00  Fleet Beacon  
  33  5:11  Probe  
  34  5:17  Probe  
  35  5:23  Probe  
  36  5:29  Probe  
  38  5:35  Probe  
  38  5:38  Pylon  
  38  5:41  Probe  
  38  5:42  Pylon  
  39  5:47  Tempest x2, Probe  
  50  5:53  Probe  
  51  5:59  Probe  
  51  6:02  Photon Cannon  
  51  6:03  Photon Cannon  
  52  6:05  Probe  
  52  6:06  Photon Cannon  
  53  6:14  Photon Cannon  
  53  6:16  Photon Cannon  
  53  6:26  Tempest  
  58  6:46  Shield Battery  
  58  6:50  Shield Battery  
  58  6:52  Shield Battery  
  58  6:56  Shield Battery  
  58  7:16  Tempest x3  
  73  7:26  Nexus  
  73  7:30  Assimilator  
  73  7:34  Pylon  
  73  7:36  Pylon  
  73  8:01  Pylon  
  68  8:06  Tempest x3  
  73  9:19  Forge  
  73  9:22  Pylon  
  73  9:25  Pylon  
  73  9:28  Pylon  
  73  9:31  Fleet Beacon  
  73  10:26  Tempest x3  
  58  10:56  Probe  
  59  11:05  Photon Cannon  
  59  11:07  Photon Cannon  
  59  11:08  Probe  
  59  11:09  Tempest x2  
  59  11:10  Photon Cannon  
  70  11:15  Photon Cannon  
  70  11:20  Probe  
  71  11:32  Probe  
  72  11:35  Cybernetics Core  
  72  11:37  Tempest  
  77  11:44  Probe  
  78  11:51  Tempest x2  
  88  12:03  Protoss Shields Level 1  
  88  12:10  Cybernetics Core  
  88  12:17  Stargate  
  88  12:19  Stargate  
  88  13:07  Photon Cannon  
  88  13:08  Photon Cannon  
  88  13:14  Photon Cannon  
  88  13:16  Photon Cannon  
  88  13:18  Photon Cannon  
  88  13:22  Probe  
  89  13:34  Probe  
  90  13:46  Probe  
  91  13:58  Probe  
  92  14:10  Probe  
  92  14:16  Tempest x5  
Show
View Real Time Build Order
Export as new Build Order

odealo Protoss - Winner!

Build Orders:  

Get SALT Encoding   

  12  0:01  Probe  
  13  0:14  Probe  
  13  0:19  Pylon  
  14  0:26  Probe  
  15  0:32  Assimilator  
  15  0:42  Gateway  
  15  0:46  Probe (Chrono Boost)  
  16  0:56  Probe (Chrono Boost)  
  17  1:00  Probe (Chrono Boost)  
  18  1:12  Probe (Chrono Boost)  
  18  1:14  Assimilator  
  19  1:19  Pylon  
  19  1:20  Probe (Chrono Boost)  
  20  1:33  Cybernetics Core  
  20  1:42  Probe  
  20  1:45  Zealot  
  23  1:54  Probe  
  24  2:10  Warp Gate (Chrono Boost)  
  24  2:17  Nexus  
  24  2:34  Stalker  
  26  2:50  Probe  
  27  2:53  Gateway  
  27  2:55  Gateway  
  27  3:20  Twilight Council, Pylon  
  27  3:30  Zealot (Chrono Boost)  
  29  3:54  Zealot  
  29  3:55  Zealot  
  31  4:02  Probe (Chrono Boost)  
  33  4:07  Probe (Chrono Boost)  
  33  4:14  Dark Shrine  
  33  4:15  Probe (Chrono Boost)  
  33  4:16  Probe (Chrono Boost)  
  35  4:24  Probe  
  35  4:26  Probe  
  37  4:37  Robotics Facility  
  37  4:39  Pylon  
  37  4:41  Probe (Chrono Boost)  
  37  4:42  Gateway  
  39  4:47  Probe (Chrono Boost)  
  39  4:48  Stalker x2  
  39  4:50  Stalker  
  39  4:51  Probe (Chrono Boost)  
  46  4:54  Probe (Chrono Boost)  
  46  4:56  Probe (Chrono Boost)  
  46  4:59  Pylon  
  48  5:05  Probe  
  49  5:07  Probe  
  50  5:20  Nexus  
  50  5:22  Probe x2  
  50  5:28  Observer  
  53  5:31  Blink  
  53  5:34  Probe (Chrono Boost)  
  55  5:36  Probe (Chrono Boost)  
  55  5:39  Assimilator  
  55  5:40  Assimilator  
  55  5:47  Probe (Chrono Boost)  
  57  5:51  Pylon  
  57  5:52  Probe (Chrono Boost)  
  57  5:53  Probe (Chrono Boost)  
  58  6:06  Probe x2  
  58  6:11  Immortal (Chrono Boost)  
  64  6:21  Stalker x4  
  72  6:32  Forge x2  
  72  6:35  Pylon  
  74  6:40  Probe (Chrono Boost)  
  74  6:45  Probe x2 (Chrono Boost)  
  75  6:50  Probe (Chrono Boost)  
  75  6:53  Probe (Chrono Boost)  
  77  6:54  Probe (Chrono Boost)  
  77  6:58  Stalker x3  
  84  7:06  Probe x3  
  87  7:08  Stalker  
  87  7:14  Pylon  
  89  7:18  Probe  
  91  7:30  Probe x3  
  91  7:32  Photon Cannon  
  91  7:35  Protoss Ground Weapons Level 1 (Chrono Boost), Protoss Ground Armor Level 1 (Chrono Boost)  
  91  7:36  Assimilator  
  93  7:41  Immortal  
  97  7:45  Pylon  
  97  7:49  Pylon  
  97  7:52  Pylon  
  97  7:54  Stalker x4  
  95  8:48  Stalker x3  
  83  8:49  Stalker  
  83  9:01  Gateway x2  
  83  9:04  Gateway  
  83  9:05  Gateway  
  83  9:06  Gateway  
  83  9:07  Photon Cannon  
  83  9:11  Assimilator, Stalker  
  83  9:12  Stalker x3  
  91  9:32  Probe x3  
  94  9:40  Stalker x4  
  94  9:42  Immortal (Chrono Boost)  
  94  9:44  Protoss Ground Armor Level 2 (Chrono Boost), Probe x3  
  94  9:45  Pylon, Protoss Ground Weapons Level 2 (Chrono Boost)  
  109  9:49  Nexus  
  109  9:50  Pylon  
  109  9:52  Pylon  
  109  9:57  Pylon  
  109  10:04  Stalker x5  
  109  10:05  Pylon  
  119  10:13  Probe x3  
  122  10:17  Stalker  
  122  10:19  Sentry x2  
  122  10:20  Pylon  
  128  10:22  Sentry  
  128  10:25  Probe x3  
  133  10:37  Probe  
  132  10:53  Stalker x4  
  132  10:54  Stalker x5  
  94  12:00  Immortal (Chrono Boost), Stalker x4  
  94  12:01  Stalker x5  
  98  12:08  Gateway  
  98  12:10  Gateway  
  98  12:12  Probe x4, Assimilator  
  98  12:14  Assimilator  
  102  12:27  Nexus  
  102  12:28  Stalker x6  
  102  12:29  Pylon, Stalker x3  
  120  12:33  Pylon  
  120  12:41  Protoss Ground Armor Level 3 (Chrono Boost), Protoss Ground Weapons Level 3 (Chrono Boost)  
  120  12:42  Immortal (Chrono Boost)  
  124  13:00  Stalker x5  
  124  13:01  Stalker x4  
  142  13:23  Stalker  
  142  13:24  Stalker x6  
  142  13:25  Stalker x4  
  140  13:56  Stalker x2  
  140  13:57  Stalker x4  
  140  13:58  Stalker x5  
  148  14:33  Stalker x2  
  148  14:34  Stalker x7  
  148  14:35  Immortal (Chrono Boost), Stalker x2  
  172  15:03  Assimilator  
  172  15:05  Assimilator  
Show
View Real Time Build Order
Export as new Build Order

Illustro Zerg - Winner!

Build Orders: Hatch First 

Get SALT Encoding   

  12  0:02  Drone  
  13  0:10  Drone  
  14  0:40  Hatchery  
  13  0:43  Drone  
  14  0:57  Spawning Pool  
  13  1:04  Overlord  
  13  1:11  Extractor  
  13  1:16  Drone  
  13  1:23  Drone x2  
  15  1:29  Drone  
  16  1:41  Drone  
  16  1:44  Queen  
  19  1:59  Zergling x2  
  20  2:08  Zergling x6  
  22  2:15  Zergling x4  
  25  2:39  Overlord x2  
  25  2:54  Zergling x6  
  25  2:56  Overlord x2  
  28  3:23  Zergling x2  
  28  3:24  Zergling x6  
  26  4:11  Queen  
  24  4:42  Drone x5  
  24  4:43  Drone  
  30  4:52  Lair  
  30  4:58  Extractor  
  29  5:05  Drone  
  29  5:06  Drone x2  
  32  5:15  Drone x3  
  35  5:27  Drone  
  35  5:28  Drone x6  
  42  5:35  Extractor  
  41  5:37  Extractor  
  40  5:59  Spire  
  39  6:56  Hatchery  
  39  6:59  Drone  
  39  7:00  Drone x15  
  54  7:34  Extractor  
  54  7:35  Extractor  
  52  7:42  Zerg Flyer Weapons Level 1  
  52  7:45  Overlord  
  52  7:46  Overlord x5  
  52  7:57  Mutalisk  
  52  7:58  Mutalisk x3  
  60  8:15  Corruptor x3  
  60  8:16  Corruptor x5  
  70  9:17  Drone x4  
  70  9:18  Drone x13  
  70  9:21  Queen  
  89  10:01  Corruptor  
  89  10:02  Corruptor x11  
  89  10:05  Overlord x3  
  113  10:57  Corruptor  
  113  10:58  Corruptor x9  
  113  11:01  Zergling x2  
  113  11:02  Zergling x8  
  138  11:04  Overlord x3  
  93  11:46  Corruptor x2  
  93  11:47  Corruptor x3  
  103  12:06  Hatchery  
  103  12:07  Extractor  
  101  12:10  Extractor  
  100  12:22  Zerg Flyer Armor Level 1  
  100  12:29  Spire  
  88  13:26  Corruptor x6  
  88  13:27  Corruptor x6  
  102  13:55  Corruptor  
  102  13:56  Corruptor x4  
Tags
 
Add a new tag
Caveats
  • Supply blocks, unpowered buildings, or Contaminate may cause inaccurate times.
  • Supply counts are checked every 10 seconds.